 Dungeon Crawl Stone Soup version 0.16.1-14-g82efdee (webtiles) character file.

274745 Grujah the Imperceptible (level 21, -4/131 HPs)
             Began as a Kobold Assassin on Apr 13, 2015.
             Was an Elder of Trog.
             Slain by a spatial maelstrom (13 damage)
             ... on level 4 of the Abyss on Apr 14, 2015.
             The game lasted 05:37:49 (47909 turns).

Grujah the Imperceptible (Kobold Assassin)         Turns: 47909, Time: 05:37:50

Health: -4/131     AC: 24    Str: 11      XL:     21   Next: 18%
Magic:  0/8        EV: 23    Int:  2 (3)  God:    Trog [****..]
Gold:   2385       SH:  8    Dex: 28 (29) Spells: 0 memorised, 20 levels left

rFire  + . .     SeeInvis .     a - +9 quick blade (antimagic)
rCold  + + .     Rnd*Rage +     W - +6 scale mail "Plog" {rF+ rC+ Regen+ Stlth+}
rNeg   . . .     SustAb   .     L - +0 buckler
rPois  +         Gourm    .     r - +2 helmet
rElec  .         Spirit   +     l - +2 cloak {+Inv}
rCorr  .         Warding  .     q - +2 pair of gloves
rMut   .         Stasis   .     X - +0 pair of boots
MR     ++...                    H - amulet of guardian spirit
Stlth  +++++++++.               m - ring of Tyryebid {rPois rC+ MR+ Str+3 Int-5 Dex+7}
                                t - ring "Shririp" {Int+2 Slay+2}

@: about to teleport, flying (expiring), non-regenerating, drained, very
resistant to hostile enchantments, incredibly stealthy
A: berserk 2, blurry vision 2, carnivore 3, clumsy 1, deformed body,
deterioration 3, dopey 2, frail 1, low mp 2, slow healing 3, weak 2, no device
heal 1, forlorn, placid magic 2, MP-powered wands 1
a: Burn Spellbooks, Berserk, Trog's Hand, Brothers in Arms, Renounce Religion,
Evoke Invisibility
}: 2/15 runes: serpentine, abyssal


You were on level 4 of the Abyss.
You worshipped Trog.
Trog was greatly pleased with you.
You were not hungry.

You visited 7 branches of the dungeon, and saw 36 of its levels.
You visited the Abyss 1 time.
You also visited: Labyrinth and Volcano.

You collected 4093 gold pieces.
You spent 1708 gold pieces at shops.

Inventory:

Hand weapons
 a - a +9 antimagic quick blade (weapon)
 b - a +4 blowgun
 C - the +6 quick blade "Theig" {drain, MR+ Int-4 Dex+3}
   (Trog gifted it to you on level 5 of the Snake Pit)

   A truly terrible weapon, it drains the life of those it strikes.
   It affects your intelligence (-4).
   It affects your dexterity (+3).
   It affects your resistance to hostile enchantments.
 T - a +6 rapier of electrocution
Missiles
 d - 2 tomahawks of dispersal (quivered)
 w - 2 needles of confusion
 x - 14 needles of slowing
 y - 15 curare-tipped needles
 A - 6 needles of sleeping
 P - 8 needles of frenzy
 Y - 85 poisoned needles
Armour
 l - a +2 cloak of invisibility (worn)
 q - a +2 pair of gloves (worn)
 r - a +2 helmet (worn)
 G - the +27 Lear's hauberk
   (You found it on level 10 of the Dungeon)
 L - a +0 buckler (worn)
 W - the +6 scale mail "Plog" (worn) {rF+ rC+ Regen+ Stlth+}
   (You found it on level 5 of the Lair of Beasts)

   It protects you from fire.
   It protects you from cold.
   It increases your rate of regeneration.
   It makes you more stealthy.
 X - a +0 pair of boots (worn)
 Z - the +4 robe "Schiamai" {rElec rF+ Str+3}
   (You found it on level 6 of the Lair of Beasts)

   It affects your strength (+3).
   It protects you from fire.
   It insulates you from electricity.
Jewellery
 i - an uncursed ring of fire
 m - the ring of Tyryebid (right hand) {rPois rC+ MR+ Str+3 Int-5 Dex+7}
   (You bought it in a shop on level 4 of the Orcish Mines)

   [ring of strength]

   It affects your strength (+3).
   It affects your intelligence (-5).
   It affects your dexterity (+7).
   It protects you from cold.
   It protects you from poison.
   It affects your resistance to hostile enchantments.
 t - the ring "Shririp" (left hand) {Int+2 Slay+2}
   (You bought it in a shop on level 4 of the Orcish Mines)

   [ring of intelligence]

   It affects your intelligence (+2).
   It affects your accuracy and damage with ranged weapons and melee attacks
   (+2).
 z - an uncursed ring of positive energy
 B - a +3 ring of strength {unknown}
 H - an amulet of guardian spirit (around neck)
 K - an uncursed ring of teleport control
 S - an uncursed ring of sustain abilities
Magical devices
 e - a wand of digging (0)
 k - a wand of polymorph (7)
 o - a wand of enslavement (14)
 u - a wand of draining (4)
 D - a wand of lightning (0)
 E - a wand of hasting (9)
 I - a wand of cold (1)
 J - a wand of fireball (3)
 M - a wand of disintegration (16)
 Q - a wand of lightning (4)
Scrolls
 f - 3 scrolls of fog
 p - 5 scrolls of teleportation
 s - 11 scrolls of remove curse
 v - 6 scrolls of blinking
 N - 5 scrolls of magic mapping
 O - 7 scrolls of fear
Potions
 c - 2 potions of haste
 h - 4 potions of curing
 j - 6 potions of restore abilities
 n - 2 potions of heal wounds
 F - a potion of resistance
 U - a potion of lignification
 V - a potion of flight
Comestibles
 g - 5 meat rations


   Skills:
 + Level 20.1(19.8) Fighting
 - Level 14.3(14.1) Short Blades
 - Level 14.0(13.8) Throwing
 - Level 11.2(11.0) Armour
 - Level 13.0(12.7) Dodging
 + Level 22.3(22.0) Stealth
 - Level 6.5(6.4) Shields
 - Level 11.4(11.2) Evocations


You had 20 spell levels left.
You didn't know any spells.

Dungeon Overview and Level Annotations

Branches:
Dungeon (15/15)            Temple (1/1) D:5            Lair (8/8) D:9
 Shoals (0/5) Lair:6        Snake (5/5) Lair:3        Slime (0/6) Lair:7
    Orc (4/4) D:9             Elf (0/3) Orc:4        Vaults (2/5) D:14
 Depths (1/5) D:15
  Crypt: Vaults:2-3

Altars:
Ashenzari
Cheibriados
Dithmenos
Elyvilon
Fedhas
Gozag
Kikubaaqudgha
Makhleb
Nemelex Xobeh
Okawaru
Qazlal
Ru
Sif Muna
Trog
Vehumet
Xom
Yredelemnul
Zin
The Shining One
Beogh

Shops:
D:10 (   Orc:4 =*[(

Portals:
Trove: D:13 (give +4 demon whip)

Annotations:
D:5 1 runed door
Lair:3 exclusion: oklob plant


Innate Abilities, Weirdness & Mutations

You are small and have problems with some larger weapons.
You are carnivorous and can eat meat at any time.
[You often lose your temper in combat.]
[Scrolls take you longer to read.]
[You are clumsy. (Dex -2)]
[Armour fits poorly on your strangely shaped body.]
[Your body is rapidly deteriorating.]
[You are very dopey. (Int -4)]
[You are frail (-10% HP).]
[Your magical capacity is very low (-20% MP).]
[You do not heal naturally.]
[You are very weak. (Str -4)]
[Potions and wands are less effective at restoring your health.]
[You have difficulty communicating with the divine.]
[Your spells are easier to cast, but less powerful.]
[You expend magic power (3 MP) to slightly strengthen your wands.]


Message History

You block the spatial vortex's attack.
The thrashing horror closely misses you.
The thrashing horror tramples you.
* * * LOW HITPOINT WARNING * * *
You hold your ground!
The spatial maelstrom hits you but does no damage.
The spatial maelstrom misses you.
You block the thrashing horror's attack.
The thrashing horror closely misses you.
A neqoxec comes into view.
The neqoxec moves out of view.
The thrashing horror completely misses you. x2
You block the thrashing horror's attack.
The thrashing horror tramples you but does no damage.
The raiju bursts into living lightning!
The living lightning hits the spatial vortex.
The spatial vortex resists.
The living lightning hits you!
* * * LOW HITPOINT WARNING * * *
The raiju blinks!
The spatial maelstrom hits you!
You die...

. ..# # ... ### ##..
#.##.###.h. . # #
##.#v#.§# # # .
#.#.v@###. . .
#.§.X.# . t .. ..
#...##.Z#.###..
.#..##..###Y..#.....#
#..v..# #X.#.#...##.
#..#.#.###.###Z.#.#.#
w.
#..#.vv.§#..#.##.##
.v . v...#. .Z......
.# * .
.≈..X.##...#...##.


You could see a tentacled starspawn, a catoblepas, a spatial maelstrom, a
spatial vortex, a thrashing horror, a raiju and 2 catoblepas skeletons.

Vanquished Creatures
  Norris (Snake:3)
  Saint Roka (Snake:2)
  Mara (Snake:3)
  Mennas (Vaults:2)
  2 liches
  Asterion (Snake:3)
  8 tentacled starspawn
  2 sphinxes
  Kirke (Snake:1)
  Roxanne (Snake:2)
  An iron dragon (Vaults:2)
  Maud (Lair:3)
  5 greater nagas
  A ghost moth (Abyss:4)
  Aizul (Snake:1)
  Louise (Snake:1)
  3 vault wardens
  2 angels
  Gastronok (Lair:2)
  An orc warlord (Orc:4)
  4 ironheart preservers (Vaults:2)
  A very ugly thing (Abyss:4)
  3 stone giants
  6 rakshasas (Abyss:4)
  A blizzard demon (Abyss:4)
  Snorg (Lair:6)
  An eidolon (Vaults:2)
  3 great orbs of eyes
  3 fire dragons
  A minotaur (Lab)
  Harold (Lair:7)
  2 vault guards (Vaults:2)
  9 hydras
  10 naga warriors
  An ice dragon (Vaults:1)
  Nessos (D:15)
  5 anacondas
  A catoblepas (Vaults:2)
  2 yaktaur captains
  The ghost of datmedicine the Unseen, a powerful SpCj of Dithmenos (Orc:4)
  7 centaur warriors
  3 death yaks (Lair:8)
  A deep troll shaman (Vaults:2)
  5 thrashing horrors
  10 naga sharpshooters
  A hell hog (Abyss:1)
  A sun demon (Abyss:3)
  14 large abominations
  3 orc high priests
  A storm dragon zombie (Abyss:4)
  4 shock serpents
  Erolcha (D:9)
  2 deep elf knights
  6 wretched stars
  2 spatial maelstroms
  3 unseen horrors
  3 sea snakes (Snake:5)
  A salamander mystic (Snake:3)
  2 deep trolls (Vaults:2)
  4 wizards
  2 giant orange brains
  An obsidian statue (D:10)
  A golden dragon skeleton (Abyss:4)
  Pikel (D:6)
  5 wolf spiders
  2 ironbrand convokers (Vaults:2)
  A lindwurm (shapeshifter) (Abyss:1)
  6 orc sorcerers
  4 naga ritualists
  A manticore (D:13)
  6 hill giants
  8 harpies
  12 orc knights
  A wolf spider zombie (D:15)
  A deep elf conjurer (Vaults:2)
  14 mana vipers
  8 griffons
  21 ugly things
  5 cyclopes
  6 guardian serpents
  3 sixfirhies
  A hornet (shapeshifter) (Vaults:2)
  6 worldbinders
  5 elephants
  Maurice (Orc:1)
  20 naga magi
  2 centaur zombies
  31 spiny frogs
  7 vault sentinels
  An apocalypse crab (Abyss:4)
  31 black mambas
  14 salamanders
  A torpor snail (Lair:3)
  5 komodo dragons
  2 orange demons
  2 centaur skeletons (D:15)
  Psyche (Orc:2)
  A smoke demon (Abyss:1)
  6 efreet
  A kobold demonologist (Vaults:2)
  3 fire drakes
  An elf (Vaults:2)
  4 starcursed masses (Abyss:4)
  A fire drake (shapeshifter) (Vaults:2)
  12 yaktaurs
  A catoblepas skeleton (Abyss:4)
  11 trolls
  3 hellwings (Abyss:1)
  4 ancient zymes
  A polar bear (Lair:5)
  4 giant leeches (Lair:8)
  Prince Ribbit (D:5)
  6 raiju
  27 slime creatures
  3 trapdoor spider zombies
  A two-headed ogre (D:12)
  11 blink frogs
  5 boulder beetles
  A spriggan (D:7)
  2 ynoxinuls (Abyss:4)
  8 basilisks
  2 trapdoor spiders (D:14)
  A water elemental (D:15)
  A fire giant simulacrum (Vaults:2)
  A basilisk (shapeshifter) (Vaults:2)
  41 yaks
  2 shadows
  A dire elephant simulacrum (Abyss:4)
  3 deep elf magi
  2 golden eyes (Vaults:2)
  2 chaos spawn
  A steam dragon (D:10)
  A fire elemental (Lair:1)
  Grum (Orc:2)
  11 wolves
  A wraith (D:11)
  20 vampire mosquitoes
  4 neqoxecs
  2 hogs
  4 deep elf fighters (Vaults:2)
  A wandering mushroom (Vaults:2)
  4 hungry ghosts
  3 spatial vortices (Abyss:1)
  Edmund (D:4)
  2 insubstantial wisps (Vaults:2)
  4 mottled dragons
  8 wargs
  7 hippogriffs
  55 nagas
  The ghost of CcS the Digger, an average GrEE (D:4)
  36 orc warriors
  A wasp (D:13)
  10 porcupines
  4 eyes of draining
  29 water moccasins
  5 ice beasts
  6 hell hounds (Abyss:1)
  14 ogres
  A wasp (shapeshifter) (Vaults:2)
  2 phantoms
  4 sky beasts
  2 boggarts (Vaults:2)
  20 centaurs
  Sigmund (D:5)
  4 big kobolds
  Duvessa (D:8)
  9 crocodiles
  24 giant frogs
  10 small abominations
  A brain worm (Abyss:4)
  A wyvern zombie (D:12)
  2 scorpions (D:7)
  3 earth elementals
  8 killer bees
  A wyvern skeleton (D:9)
  6 electric eels
  9 wights
  2 goliath beetles (D:6)
  A vampire bat (Vaults:2)
  A killer bee (shapeshifter) (Abyss:1)
  Dowan (D:8)
  3 crimson imps
  2 iron imps
  2 wasp zombies
  13 hounds
  5 jellies
  A giant frog zombie (D:13)
  2 giant frog skeletons
  3 lava snakes
  14 orc priests
  8 iguanas
  2 quasits
  34 orc wizards
  8 worker ants
  6 hell rats (Lair:8)
  7 sheep (Lair:7)
  A killer bee zombie (D:5)
  A hound zombie (D:5)
  A mummy (D:15)
  A worker ant zombie (D:10)
  67 river rats
  23 adders
  5 shadow imps
  2 giant mites
  2 worms
  2 ufetubi
  2 adder zombies
  An adder skeleton (D:4)
  3 oozes (D:1)
  142 orcs
  4 ball pythons (Snake:5)
  A bat skeleton (D:5)
  2 bat zombies
  10 giant cockroaches
  23 goblins
  22 hobgoblins
  5 jackals
  15 quokkas
  7 bats
  7 giant geckos
  A giant gecko skeleton (D:4)
  10 giant newts
  A goblin zombie (Orc:4)
  34 kobolds
  An orc zombie (Vaults:2)
  A quokka zombie (D:7)
  22 rats
  A fungus (Orc:4)
  2 starspawn tentacles (Abyss:4)
1462 creatures vanquished.

Vanquished Creatures (collateral kills)
  4 greater nagas (Snake:5)
  A vault warden (Vaults:2)
  A vault guard (Vaults:2)
  2 death yaks (Lair:8)
  5 thrashing horrors
  5 naga sharpshooters
  4 sea snakes (Snake:5)
  3 deep trolls (Vaults:2)
  2 naga ritualists
  2 salamanders (Snake:3)
  3 large abominations
  2 ugly things (D:15)
  5 elephants
  A smoke demon (Abyss:4)
  6 black mambas (Snake:3)
  3 naga magi (Snake:5)
  2 guardian serpents (Snake:5)
  A spiny frog (Lair:8)
  An efreet (Abyss:4)
  A raiju (Abyss:4)
  2 blink frogs (Lair:8)
  A basilisk (Lair:7)
  A wraith (Abyss:1)
  3 yaks
  2 neqoxecs
  17 nagas
  3 wolves (Lair:1)
  5 small abominations
  A water moccasin (Snake:3)
  A starcursed mass (Abyss:4)
  An orc warrior (Vaults:2)
  An orc priest (Vaults:2)
  An iron imp (Abyss:4)
  An orc wizard (Snake:3)
  2 orcs
  A ball python (Lair:3)
  A starspawn tentacle (Abyss:4)
98 creatures vanquished.

Vanquished Creatures (others)
  A fire giant (D:15)
  A rakshasa (Abyss:4)
  A naga warrior (Snake:3)
  A naga sharpshooter (Snake:5)
  2 ogre magi (Vaults:2)
  A sea snake (Snake:5)
  A deep troll (Vaults:2)
  A hill giant (Snake:3)
  A deep elf conjurer (Vaults:2)
  A guardian serpent (Snake:3)
  An elephant (Lair:7)
  A raiju (Abyss:4)
  2 two-headed ogres (Abyss:4)
  A spriggan (shapeshifter) (Vaults:2)
  A small abomination (Abyss:4)
  2 yaks (Lair:8)
  A spatial vortex (Abyss:4)
  A deep elf fighter (Vaults:2)
  4 nagas
  A porcupine (Lair:3)
  An orc warrior (Orc:4)
  3 ogres
  A centaur (Vaults:1)
  Blork the orc (Orc:1)
  An orc wizard (Vaults:2)
  3 orc priests
  A white imp (Abyss:4)
  A giant gecko (D:6)
  An orc (D:14)
  A quokka (Lair:3)
  A bush (Lair:8)
  23 fungi
  23 plants
  30 starspawn tentacles
  196 starspawn tentacle segments
313 creatures vanquished.

Grand Total: 1873 creatures vanquished

Notes
Turn   | Place    | Note
--------------------------------------------------------------
     0 | D:1      | Grujah, the Kobold Assassin, began the quest for the Orb.
     0 | D:1      | Reached XP level 1. HP: 12/12 MP: 1/1
     1 | D:1      | Found a runed door.
   345 | D:1      | Reached XP level 2. HP: 17/17 MP: 2/2
  1113 | D:2      | Reached XP level 3. HP: 21/21 MP: 3/3
  1504 | D:3      | Noticed an ogre
  1543 | D:3      | Killed an ogre
  1543 | D:3      | Reached skill level 6 in Stealth
  1543 | D:3      | Reached XP level 4. HP: 6/26 MP: 4/4
  1543 | D:3      | Reached XP level 5. HP: 6/30 MP: 5/5
  2098 | D:1      | Reached skill level 7 in Stealth
  2247 | D:3      | Found a burning altar of Makhleb.
  2337 | D:3      | Found a deep blue altar of Sif Muna.
  2394 | D:3      | Reached XP level 6. HP: 35/35 MP: 6/6
  2714 | D:3      | Found a shimmering altar of Xom.
  3353 | D:4      | Noticed Edmund
  3380 | D:4      | Killed Edmund
  3380 | D:4      | Reached skill level 5 in Short Blades
  3380 | D:4      | Reached skill level 8 in Stealth
  3380 | D:4      | Reached XP level 7. HP: 40/40 MP: 7/7
  3449 | D:4      | Noticed CcS's ghost (average GrEE)
  4051 | D:4      | Killed CcS's ghost
  4051 | D:4      | Reached skill level 1 in Evocations
  4504 | D:5      | Entered Level 5 of the Dungeon
  4504 | D:5      | Found a staircase to the Ecumenical Temple.
  4553 | Temple   | Entered the Ecumenical Temple
  4725 | D:5      | Reached skill level 5 in Dodging
  4725 | D:5      | Reached skill level 9 in Stealth
  4725 | D:5      | Reached XP level 8. HP: 44/44 MP: 8/10
  4750 | D:5      | Noticed Sigmund
  4772 | D:5      | Killed Sigmund
  5089 | D:5      | Found a runed door.
  5090 | D:5      | Found a white marble altar of Elyvilon.
  5106 | D:5      | Noticed an angel
  5203 | D:5      | Noticed Prince Ribbit
  5244 | D:5      | Killed Prince Ribbit
  5244 | D:5      | Reached skill level 10 in Stealth
  5424 | D:5      | Reached skill level 5 in Throwing
  6259 | D:6      | Noticed Pikel
  6267 | D:6      | Killed Pikel
  6267 | D:6      | Reached skill level 11 in Stealth
  6267 | D:6      | Reached XP level 9. HP: 39/48 MP: 12/12
  6439 | D:6      | Found a stormy altar of Qazlal.
  6465 | D:6      | Found an opulent altar of Gozag.
  6487 | D:6      | Found a radiant altar of Vehumet.
  6556 | D:6      | Found a shadowy altar of Dithmenos.
  6582 | D:6      | Reached skill level 12 in Stealth
  6675 | D:6      | Found a glowing golden altar of the Shining One.
  8138 | D:7      | Reached XP level 10. HP: 45/54 MP: 13/15
  8449 | D:8      | Reached skill level 13 in Stealth
  8491 | D:8      | Found a basalt altar of Yredelemnul.
  8560 | D:8      | Found a sacrificial altar of Ru.
  8886 | D:8      | Noticed Duvessa
  8886 | D:8      | Noticed Dowan
  8912 | D:8      | Killed Duvessa
  8914 | D:8      | Killed Dowan
  9064 | D:8      | Noticed a moth of wrath
  9068 | D:8      | Found a bloodstained altar of Trog.
  9171 | D:8      | Became a worshipper of Trog the Wrathful
  9599 | D:9      | Noticed Erolcha
  9772 | D:9      | Killed Erolcha
  9772 | D:9      | Reached skill level 14 in Stealth
  9772 | D:9      | Reached skill level 5 in Evocations
 10905 | D:9      | Found a staircase to the Lair.
 10926 | D:9      | Reached skill level 10 in Short Blades
 11093 | D:9      | Found a staircase to the Orcish Mines.
 11100 | D:9      | Found a shattered altar of Ashenzari.
 11199 | Lair:1   | Entered Level 1 of the Lair of Beasts
 11258 | Lair:1   | Acquired Trog's first power
 11352 | Lair:1   | Reached XP level 11. HP: 55/60 MP: 17/19
 11427 | Lair:1   | Gained mutation: [Your body is slowly deteriorating.] [potion of mutation]
 11427 | Lair:1   | Gained mutation: [Your body is deteriorating.] [potion of mutation]
 11427 | Lair:1   | Gained mutation: [Your body is rapidly deteriorating.] [potion of mutation]
 11428 | Lair:1   | Lost mutation: [Your body is rapidly deteriorating.] [potion of cure mutation]
 11428 | Lair:1   | Lost mutation: [Your body is deteriorating.] [potion of cure mutation]
 11428 | Lair:1   | Lost mutation: [Your body is slowly deteriorating.] [potion of cure mutation]
 11438 | Lair:1   | Noticed a spiny frog
 11441 | Lair:1   | Killed a spiny frog
 11749 | Lair:1   | Found a dark tunnel.
 11764 | Volcano  | Entered a volcano
 12061 | Volcano  | Found a bloodstained altar of Trog.
 12491 | Lair:1   | Reached skill level 5 in Fighting
 12589 | Lair:1   | Noticed a fire dragon
 12993 | Lair:1   | Killed a fire dragon
 13270 | Lair:1   | Acquired Trog's second power
 13372 | Lair:2   | Noticed Gastronok
 13377 | Lair:2   | Killed Gastronok
 14115 | Lair:3   | Reached skill level 15 in Stealth
 14115 | Lair:3   | Reached XP level 12. HP: 59/71 MP: 20/20
 14129 | Lair:3   | Found a staircase to the Snake Pit.
 14170 | Lair:3   | Noticed Maud
 14314 | Lair:3   | Killed Maud
 14375 | Lair:3   | Noticed a griffon
 14397 | Lair:3   | Killed a griffon
 14556 | Lair:3   | Reached skill level 16 in Stealth
 15004 | Lair:3   | Noticed a seven-headed hydra
 15028 | Lair:3   | Killed a seven-headed hydra
 15392 | Lair:3   | Reached skill level 17 in Stealth
 15397 | Lair:3   | Acquired Trog's third power
 15794 | Lair:3   | Noticed an oklob plant
 15930 | Lair:4   | Received a gift from Trog
 15952 | Lair:4   | Reached skill level 1 in Armour
 15965 | Lair:4   | Reached XP level 13. HP: 75/75 MP: 21/21
 15982 | Lair:4   | Received a gift from Trog
 17174 | Lair:5   | Got an ichor-stained scale mail
 17175 | Lair:5   | Identified the +6 scale mail "Plog" {rF+ rC+ Regen+ Stlth+} (You found it on level 5 of the Lair of Beasts)
 17218 | Lair:5   | Reached skill level 5 in Armour
 17261 | Lair:5   | Reached skill level 1 in Shields
 17748 | Lair:6   | Got a twisted robe
 17750 | Lair:6   | Identified the +4 robe "Schiamai" {rElec rF+ Str+3} (You found it on level 6 of the Lair of Beasts)
 17818 | Lair:6   | Found a staircase to the Shoals.
 17899 | Lair:6   | Noticed Snorg
 17911 | Lair:6   | Killed Snorg
 18132 | Lair:6   | Reached skill level 5 in Shields
 18471 | Lair:7   | Received a gift from Trog
 19057 | Lair:7   | Found a staircase to the Slime Pits.
 19272 | Lair:7   | Reached XP level 14. HP: 54/80 MP: 15/22
 19446 | Lair:7   | Noticed Harold
 19475 | Lair:7   | Killed Harold
 19836 | Lair:8   | Entered Level 8 of the Lair of Beasts
 20257 | Orc:1    | Entered Level 1 of the Orcish Mines
 20272 | Orc:1    | Noticed Maurice
 20306 | Orc:1    | Killed Maurice
 20363 | Orc:1    | Noticed Blork the orc
 20390 | Orc:1    | Killed Blork the orc
 20451 | Orc:1    | Received a gift from Trog
 20526 | Orc:1    | Received a gift from Trog
 20852 | Orc:2    | Noticed Psyche
 20864 | Orc:2    | Killed Psyche
 20871 | Orc:2    | Noticed Grum
 20882 | Orc:2    | Killed Grum
 20976 | Orc:2    | Received a gift from Trog
 21916 | Orc:3    | Found a roughly hewn altar of Beogh.
 22024 | Orc:3    | Reached skill level 18 in Stealth
 22401 | Orc:4    | Entered Level 4 of the Orcish Mines
 22418 | Orc:4    | Received a gift from Trog
 22542 | Orc:4    | Received a gift from Trog
 22585 | Orc:4    | Found Giurig's General Store.
 22586 | Orc:4    | Noticed datmedicine's ghost (powerful SpCj)
 22632 | Orc:4    | Killed datmedicine's ghost
 22830 | Orc:4    | Found Louttyth's Jewellery Emporium.
 22857 | Orc:4    | Found a staircase to the Elven Halls.
 22937 | Orc:4    | Found a radiant altar of Vehumet.
 23011 | Orc:4    | Noticed an orc warlord
 23170 | Orc:4    | Killed an orc warlord
 23214 | Orc:4    | Found Stroum Qiam's Antique Armour Shop.
 23248 | Orc:4    | Found Strezxa's Antique Weapon Emporium.
 23591 | Orc:4    | Bought a glowing cloak for 135 gold pieces
 23690 | Orc:4    | Bought the ring of Tyryebid {rPois rC+ MR+ Str+3 Int-5 Dex+7} for 611 gold pieces
 23725 | Orc:4    | Bought a transparent ring mail for 270 gold pieces
 23725 | Orc:4    | Bought an encrusted ring mail for 270 gold pieces
 23735 | Orc:4    | Identified the +2 ring mail "Dyklyil" {Int+2} (You bought it in a shop on level 4 of the Orcish Mines)
 23745 | Orc:4    | Identified the cursed -2 ring mail of Amorality {rN+ MP-9 Dex+4 SInv} (You bought it in a shop on level 4 of the Orcish Mines)
 24281 | Lair:8   | Reached skill level 10 in Dodging
 24484 | Lair:8   | Reached XP level 15. HP: 77/89 MP: 20/23
 24632 | Lair:8   | Received a gift from Trog
 25155 | Lair:8   | Reached skill level 10 in Fighting
 25483 | Lair:8   | Received a gift from Trog
 25875 | Snake:1  | Entered Level 1 of the Snake Pit
 26326 | Orc:4    | Bought the ring "Shririp" {Int+2 Slay+2} for 320 gold pieces
 26547 | Snake:1  | Found a shadowy altar of Dithmenos.
 26572 | Snake:1  | Received a gift from Trog
 26933 | Snake:1  | Noticed Kirke
 26944 | Snake:1  | Killed Kirke
 27044 | Snake:1  | Noticed Louise
 27054 | Snake:1  | Killed Louise
 27217 | Snake:1  | Noticed Aizul
 27222 | Snake:1  | Killed Aizul
 27473 | Snake:2  | Reached XP level 16. HP: 98/98 MP: 28/28
 27484 | Snake:2  | Noticed Roxanne
 27520 | Snake:2  | Killed Roxanne
 27583 | Snake:2  | Reached skill level 10 in Evocations
 27873 | Snake:3  | Noticed Saint Roka
 27974 | Snake:3  | Noticed Mara
 27989 | Snake:3  | Killed Mara
 27989 | Snake:3  | Reached skill level 19 in Stealth
 28028 | Snake:3  | Received a gift from Trog
 28478 | Snake:3  | Received a gift from Trog
 28520 | Snake:3  | Noticed Asterion
 29151 | Snake:3  | Killed Asterion
 29385 | Snake:2  | Killed Saint Roka
 29489 | Snake:3  | Got a slimy robe
 29501 | Snake:3  | Identified the cursed -1 robe of the Present {-Tele Dex+4 Slay+3} (You took it off an orc on level 3 of the Snake Pit)
 29727 | Snake:3  | Noticed Norris
 29746 | Snake:3  | Paralysed by something for 7 turns
 30164 | Snake:3  | Killed Norris
 30164 | Snake:3  | Reached XP level 17. HP: 104/104 MP: 22/31
 30166 | Snake:3  | Received a gift from Trog
 30635 | Snake:4  | Reached skill level 10 in Throwing
 30687 | Snake:4  | Received a gift from Trog
 31361 | Snake:5  | Entered Level 5 of the Snake Pit
 31377 | Snake:4  | Received a gift from Trog
 31681 | Snake:5  | Received a gift from Trog
 31699 | Snake:5  | Got an encrusted quick blade {god gift}
 31701 | Snake:5  | Identified the +6 quick blade "Theig" {drain, MR+ Int-4 Dex+3} (Trog gifted it to you on level 5 of the Snake Pit)
 32479 | Snake:5  | Reached skill level 20 in Stealth
 32785 | Snake:5  | Received a gift from Trog
 33077 | Snake:5  | Reached XP level 18. HP: 95/112 MP: 27/31
 33102 | Snake:5  | Got a serpentine rune of Zot
 33779 | D:10     | Entered Level 10 of the Dungeon
 34235 | D:10     | Got an ichor-stained falchion
 34237 | D:10     | Identified the +3 falchion of the Pill Bug {freeze, rC- Str+7 Stlth-} (You found it on level 10 of the Dungeon)
 34754 | D:10     | Found Lashylog's Weapon Shoppe.
 34763 | D:10     | Bought 16 poisoned needles for 102 gold pieces
 34975 | D:10     | Received a gift from Trog
 35148 | D:11     | Found a labyrinth entrance.
 35216 | Lab      | Entered a labyrinth
 35563 | Lab      | Reached skill level 21 in Stealth
 35576 | Lab      | Received a gift from Trog
 35994 | D:12     | Received a gift from Trog
 36072 | D:12     | Found a roughly hewn altar of Beogh.
 38032 | D:13     | Received a gift from Trog
 38071 | D:13     | Found a portal to a secret trove of treasure.
 38784 | D:14     | Found a gate to the Vaults.
 38971 | D:14     | Found a deep blue altar of Sif Muna.
 39174 | D:15     | Entered Level 15 of the Dungeon
 39206 | D:15     | Noticed Nessos
 39212 | D:15     | Killed Nessos
 39474 | D:15     | Found a staircase to the Depths.
 39609 | D:15     | Received a gift from Trog
 39644 | Depths:1 | Entered Level 1 of the Depths
 39916 | Vaults:1 | Entered Level 1 of the Vaults
 39952 | Vaults:1 | Reached skill level 15 in Fighting
 40121 | Vaults:1 | Reached XP level 19. HP: 124/124 MP: 32/32
 41129 | Vaults:1 | Received a gift from Trog
 42344 | Vaults:2 | Noticed Mennas
 42355 | Vaults:2 | Killed Mennas
 42547 | Vaults:2 | Received a gift from Trog
 42707 | Vaults:2 | Received a gift from Trog
 43152 | Vaults:2 | Reached XP level 20. HP: 122/137 MP: 30/33
 43237 | Vaults:2 | Reached skill level 10 in Armour
 43528 | Vaults:2 | Identified the Disquisition on Changing (You found it on level 2 of the Vaults)
 43638 | Vaults:2 | Received a gift from Trog
 43929 | Vaults:2 | Identified Lee's Almanac of Stones
 44041 | Vaults:2 | Cast into the Abyss (a deep elf sorcerer)
 44230 | Abyss:1  | Paralysed by accursed screaming for 1 turns
 44387 | Abyss:1  | Received a gift from Trog
 44712 | Abyss:1  | Found a radiant altar of Vehumet.
 45244 | Abyss:1  | Noticed a bone dragon
 45265 | Abyss:1  | Gained mutation: [You are weak. (Str -2)] [a neqoxec]
 45375 | Abyss:1  | Received a gift from Trog
 45543 | Abyss:2  | Found a basalt altar of Yredelemnul.
 45856 | Abyss:3  | Noticed a bone dragon
 46306 | Abyss:4  | Received a gift from Trog
 46356 | Abyss:4  | Gained mutation: [Scrolls take you much longer to read.] [a neqoxec]
 46920 | Abyss:4  | Reached XP level 21. HP: 88/101 MP: 6/26
 46935 | Abyss:4  | Reached skill level 22 in Stealth
 46989 | Abyss:4  | Noticed a bone dragon
 47314 | Abyss:4  | Gained mutation: [Your spells are easier to cast, but less powerful.] [a neqoxec]
 47595 | Abyss:4  | Paralysed by accursed screaming for 2 turns
 47600 | Abyss:4  | Paralysed by accursed screaming for 1 turns
 47615 | Abyss:4  | Paralysed by accursed screaming for 1 turns
 47888 | Abyss:4  | Got an abyssal rune of Zot
 47909 | Abyss:4  | Slain by a spatial maelstrom

Action                   |  1- 3 |  4- 6 |  7- 9 | 10-12 | 13-15 | 16-18 | 19-21 || total
-------------------------+-------+-------+-------+-------+-------+-------+-------++-------
Melee: Dagger            |    62 |   121 |   386 |   325 |       |       |       ||   894
       Rapier            |       |       |       |   388 |  1524 |  1639 |  1315 ||  4866
       Quick blade       |       |       |       |       |       |    75 |   523 ||   598
 Fire: Blowgun           |     8 |    29 |    48 |    59 |    77 |   106 |    68 ||   395
Throw: Tomahawk          |       |       |       |    25 |       |     8 |       ||    33
Invok: Burn Spellbooks   |       |       |       |     3 |     1 |     4 |     5 ||    13
       Berserk           |       |       |       |     4 |    18 |    19 |    16 ||    57
       Brothers in Arms  |       |       |       |       |       |     5 |    11 ||    16
       Trog's Hand       |       |       |       |       |       |     1 |     8 ||     9
 Abil: Evoke Invisibilit |       |       |       |       |     4 |    10 |    16 ||    30
       Turn Visible      |       |       |       |       |     1 |       |       ||     1
Evoke: Wand              |       |       |     3 |     8 |     2 |     1 |     3 ||    17
  Use: Scroll            |     8 |     3 |    12 |    18 |     4 |    11 |    10 ||    66
       Potion            |     3 |       |       |     2 |     3 |     8 |    14 ||    30
 Stab: Sleeping          |     9 |    16 |    21 |    59 |    64 |    68 |    31 ||   268
       Distracted        |       |     1 |     4 |     5 |    15 |    22 |    13 ||    60
       Confused          |       |       |       |       |       |    14 |    13 ||    27
       Invisible         |       |       |       |       |       |     1 |    19 ||    20
  Eat: Chunk             |    10 |     5 |    14 |    24 |    61 |    68 |    27 ||   209
       Beef jerky        |       |       |       |     1 |       |       |       ||     1
       Pizza             |       |       |       |       |       |     2 |     1 ||     3
       Meat ration       |       |       |       |       |       |       |     3 ||     3
